 Dungeon Crawl Stone Soup version 0.31-a0-750-gfe7b580527 (webtiles) character file.

Game seed: 3950884252872992464

128 Newt the Trooper (level 4, -8/39 HPs)
             Began as a Demonspawn Gladiator on Sept 14, 2023.
             Mangled by a wyvern (14 damage)
             ... on level 4 of the Dungeon.
             The game lasted 00:02:37 (2608 turns).

Newt the Trooper (Demonspawn Gladiator)             Turns: 2608, Time: 00:02:38

Health: -8/39      AC: 10    Str: 16    XL:     4   Next: 86%
Magic:  4/4        EV:  9    Int: 10    God:
Gold:   117        SH:  0    Dex: 14    Spells: 3/3 levels left

rFire   . . .        i - +0 hand axe (elec)
rCold   . . .        (no shield)
rNeg    . . .        q - +1 chain mail
rPois   .            c - +0 helmet
rElec   .            r - scarf {+Inv}
rCorr   .            (no gloves)
SInv    .            (no boots)
Will    .....        (no amulet) Stlth
                     (no ring)
HPRegen 0.26/turn    (no ring)
MPRegen 0.09/turn

%: no passive effects
@: no status effects
A: sturdy frame 1
a: Evoke Invisibility


You were on level 4 of the Dungeon.
You visited 1 branch of the dungeon, and saw 4 of its levels.

You collected 117 gold pieces.

Inventory:

Hand Weapons
 a - a +0 rapier
 i - a +0 hand axe of electrocution (weapon)
Missiles
 d - 3 throwing nets (quivered)
 k - a javelin
 p - 9 boomerangs
 t - 6 darts of dispersal
Armour
 b - a +0 leather armour
 c - a +0 helmet (worn)
 q - a +1 chain mail (worn)
 r - a scarf of invisibility (worn)
Jewellery
 l - a ring of ice
Wands
 s - a wand of iceblast (1)
Scrolls
 f - 2 scrolls of teleportation
Potions
 e - a potion of heal wounds {unknown}
 g - a potion of brilliance {unknown}
 h - 2 potions of curing
 j - a potion of enlightenment
 m - a potion of attraction
 n - a potion of haste {unknown}
 o - a potion of degeneration {unknown}


   Skills:
 - Level 5.0 Fighting
 - Level 2.6 Short Blades
 + Level 0.8 Axes
 - Level 1.7 Throwing
 - Level 2.6 Dodging


You had 3 spell levels left.
You didn't know any spells.
Your spell library contained the following spells:

 Spells                   Type           Power      Damage    Failure   Level
 Shock                    Conj/Air       0%         1d3       95%         1
 Blink                    Tloc           0%         N/A       99%         2
 Swiftness                Air            0%         N/A       100%        3
 Airstrike                Air            0%         2d(0-16)  100%        4
 Manifold Assault         Tloc           0%         N/A       100%        4


Dungeon Overview and Level Annotations

Branches:
Dungeon (4/15)
 Temple: D:4-7

Altars:


Innate Abilities, Weirdness & Mutations

Your movements are slightly less encumbered by armour. (ER -2)


Message History

You see here 12 gold pieces.
A wyvern is nearby!
The wyvern hisses angrily.
Found a stone staircase leading up.
You hit the wyvern.
The wyvern is lightly wounded.
The wyvern bites you!
You hit the wyvern but do no damage.
The wyvern is lightly wounded.
The wyvern bites you! The wyvern barely misses you.
You are too injured to fight recklessly!
Throw: 5 throwing nets
Press: ? - help, Q - select action, (/) - cycle Shift-Dir - straight line, f - wyvern
Aim: a wyvern (lightly wounded, 57% to hit)
You throw a throwing net. The throwing net hits the wyvern.
The wyvern is caught in the net!
The wyvern is lightly wounded.
The wyvern struggles against the net. x2
You catch the helpless wyvern completely off-guard!
You hit the wyvern but do no damage. Lightning courses through the wyvern!
The wyvern is heavily wounded.
The wyvern struggles against the net.
The net rips apart, and the wyvern comes free!
The wyvern bites you!
* * * LOW HITPOINT WARNING * * *
Throw: 4 throwing nets
Press: ? - help, Q - select action, (/) - cycle Shift-Dir - straight line, f/p - wyvern
Aim: a wyvern (heavily wounded, 57% to hit)
You throw a throwing net. The throwing net hits the wyvern.
The wyvern is caught in the net!
The wyvern is heavily wounded.
The wyvern struggles against the net.
You hit the wyvern.
The wyvern is heavily wounded.
The wyvern struggles against the net. x2
The net rips apart, and the wyvern comes free!
You hit the wyvern.
The wyvern is severely wounded.
The wyvern barely misses you. The wyvern bites you!
You die...

.... ###+###
.....
#####.....##...#
##...#.....†....#
#...............#
#..........###+##
#......$<..##...#
##...............
#.......@.......
#.......l.......
#...............
#........)......
#..............#
#..........$...#
....##....##....
..< #....# ....


You could see a wyvern.

Vanquished Creatures
  An orc priest (D:3)
  2 adders
  An ufetubus (D:4)
  A dart slug (D:4)
  12 orcs (D:3)
  An endoplasm (D:1)
  13 giant cockroaches
  2 hobgoblins (D:2)
  2 jackals (D:1)
  6 ball pythons
  A bat (D:2)
  6 frilled lizards
  4 goblins
  3 kobolds
  7 rats
62 creatures vanquished.

Notes
Turn   | Place    | Note
-------+----------+-------------------------------------------
     0 | D:1      | Newt the Demonspawn Gladiator began the quest for the Orb.
     0 | D:1      | Reached XP level 1. HP: 16/16 MP: 1/1
   408 | D:1      | Gained mutation: Your movements are slightly less
                  | encumbered by armour. (ER -2) [demonic ancestry]
   408 | D:1      | Reached XP level 2. HP: 23/23 MP: 2/2
   701 | D:1      | Reached skill level 3 in Fighting
  1016 | D:2      | Reached XP level 3. HP: 24/29 MP: 3/3
  1686 | D:3      | Reached skill level 4 in Fighting
  2069 | D:3      | Reached XP level 4. HP: 13/38 MP: 4/4
  2365 | D:3      | Found a faded altar of an unknown god.
  2578 | D:4      | Reached skill level 5 in Fighting
  2599 | D:4      | Noticed a wyvern
  2608 | D:4      | Mangled by a wyvern

Illustrated notes

Levels and vault maps discovered:
D:1:      pf_arrival_petrified_forest, layout_loops_corners,
          minmay_misc_feat_four_crosses
D:2:      minmay_roachtagon, layout_loops_ring, serial_bayou,
          serial_bayou_lake_a, serial_bayou_ford_a, serial_bayou_pond_e,
          serial_bayou_pond_b
D:3:      layout_rooms, hellmonk_ecumenical_altar_defaced_shrine
D:4:      layout_gridville

Skill      XL: |  1  2  3  4 |
---------------+-------------+-----
Fighting       | 3 4 5 |  5.0
Short Blades   | |  2.6
Axes           | |  0.8
Throwing       | |  1.7
Dodging        | |  2.6

Action                     |  1- 3 |  4- 6 || total
---------------------------+-------+-------++-------
  Melee: Rapier            |    29 |       ||    29
         Hand axe          |   108 |    31 ||   139
         Punch             |     1 |       ||     1
  Throw: Throwing net      |       |     2 ||     2
         Javelin           |       |     1 ||     1
    Use: Scroll            |     6 |     1 ||     7
         Potion            |     1 |       ||     1
   Stab: Held in net/web   |       |     1 ||     1
 Armour: Leather armour    |    67 |       ||    67
         Chain mail        |    30 |    28 ||    58
  Dodge: Dodged            |    96 |    16 ||   112

Table legend: (Time is in decaauts)
 A = Elapsed time spent in this place.
 B = Non-inter-level travel time spent in this place.
 C = Inter-level travel time spent in this place.
 D = Time resting spent in this place.
 E = Time spent auto-exploring this place.
 F = Levels seen in this place.
 G = Mean time per level.
                   A        B        C        D        E       F      G
               +--------+--------+--------+--------+--------+-----+--------+
         Total |   2701 |   2545 |    156 |    493 |   1613 |   4 |  675.2 |
       Dungeon |   2701 |   2545 |    156 |    493 |   1613 |   4 |  675.2 |
               +--------+--------+--------+--------+--------+-----+--------+

Top non-repeatable levels by time:
     D:1: 922 daAuts
     D:3: 908 daAuts
     D:2: 834 daAuts
     D:4: 36 daAuts
